 Dungeon Crawl Stone Soup version 0.16.1-11-g651b585 (webtiles) character file.

152 Chiseanne the Skirmisher (level 5, -2/42 HPs)
             Began as a Demonspawn Monk on Mar 31, 2015.
             Slain by Grinder (5 damage)
             ... while paralysed by Grinder
             ... on level 3 of the Dungeon.
             The game lasted 00:06:51 (2134 turns).

Chiseanne the Skirmisher (Demonspawn Monk)          Turns: 2134, Time: 00:06:51

Health: -2/42      AC:  5    Str: 11    XL:     5   Next: 11%
Magic:  5/5        EV:  2    Int: 12    God:
Gold:   78         SH:  0    Dex: 16    Spells: 0 memorised, 4 levels left

rFire  . . .     SeeInvis .       - Unarmed
rCold  . . .     Clarity  .     e - +1 leather armour
rNeg   . . .     SustAb   .     (no shield)
rPois  .         Gourm    .     m - +0 helmet
rElec  .         Spirit   .     (no cloak)
rCorr  .         Warding  .     (no gloves)
rMut   .         Stasis   .     (no boots)
MR     .....                    (no amulet)
Stlth  ++++......               (no ring)
                                (no ring)

@: paralysed, not resistant to hostile enchantments, stealthy
A: claws 1, nightstalker 2
a: no special abilities


You were on level 3 of the Dungeon.
You were not hungry.

You visited 1 branch of the dungeon, and saw 3 of its levels.

You collected 78 gold pieces.

Inventory:

Missiles
 d - 12 bolts
 h - 13 poisoned needles
Armour
 e - a +1 leather armour (worn)
 m - a +0 helmet (worn)
Scrolls
 c - 2 scrolls of enchant armour
 g - a scroll of teleportation
Potions
 a - 2 potions of curing
 i - a potion of magic {unknown}
Comestibles
 b - 2 bread rations


   Skills:
 * Level 4.2 Fighting
 * Level 3.8 Dodging
 * Level 2.3 Stealth
 * Level 4.1 Unarmed Combat


You had 4 spell levels left.
You didn't know any spells.

Dungeon Overview and Level Annotations

Branches:
Dungeon (3/15)

Altars:

Annotations:
D:3 Grinder


Innate Abilities, Weirdness & Mutations

You have sharp fingernails.
You are significantly more attuned to the shadows.


Message History

You don't have any such object.
Quiver which item? (- for none, * to show all) (? for menu, Esc to quit)
Okay, then.
Unknown command.
Quiver which item? (- for none, * to show all) (? for menu, Esc to quit)
You don't have any such object.
Quiver which item? (- for none, * to show all) (? for menu, Esc to quit)
Okay, then.
Drink which item? (? for menu, Esc to quit)
You feel better.
Grinder says, "There's only one good use for a tongue: cutting it out."
Grinder gestures at you.
You suddenly lose the ability to move!
Grinder hits you.
You writhe in agony.
Grinder hits you.
* * * LOW HITPOINT WARNING * * *
You writhe in agony.
* * * LOW HITPOINT WARNING * * *
Grinder hits you.
You die...

gg......#..[......#...,,,******,*
*##....###............,,,,,,,,,,,
*#...##*_##.(...#..##************
,,[..**,,,##......##
,,.#****+**##......#
,,,**,*,,,*,##..##.###
,,,,,,+,⌠,+,_##..#...#####
,****,*,,,*,####5###.<)..### ###
,** ****+***#...@..#####...####..
,,*** *,,,* ####.#..# ###...##..
*,,,****_####....#..## ###.....
***,,,,**#...........#########...
******,,*##..........)...........
,* *,,,*###.......#÷..>.####...
** **,** #####.........# ##.. ***
######....# #.. ###### ###


You could see Grinder.

Vanquished Creatures
  A giant frog (D:3)
  Robin (D:3)
  2 gnolls (D:2)
  An adder (D:2)
  A worm (D:2)
  An ooze (D:3)
  2 ball pythons (D:1)
  2 bats
  A giant cockroach (D:2)
  6 hobgoblins
  3 giant newts
  14 goblins
  3 kobolds
  4 rats
42 creatures vanquished.

Notes
Turn   | Place    | Note
--------------------------------------------------------------
     0 | D:1      | Chiseanne, the Demonspawn Monk, began the quest for the Orb.
     0 | D:1      | Reached XP level 1. HP: 18/18 MP: 1/1
   527 | D:1      | Gained mutation: You are slightly more attuned to the shadows. [demonic ancestry]
   527 | D:1      | Reached XP level 2. HP: 24/24 MP: 2/2
  1208 | D:2      | Gained mutation: You have sharp fingernails. [demonic ancestry]
  1208 | D:2      | Reached XP level 3. HP: 29/29 MP: 3/3
  1661 | D:2      | You fall through a shaft!
  1663 | D:3      | Noticed Robin
  1687 | D:3      | Killed Robin
  1687 | D:3      | Reached XP level 4. HP: 29/37 MP: 4/4
  1821 | D:3      | Noticed Grinder
  1879 | D:3      | Noticed a giant frog
  1896 | D:3      | Killed a giant frog
  1896 | D:3      | Reached skill level 4 in Fighting
  1896 | D:3      | Gained mutation: You are significantly more attuned to the shadows. [demonic ancestry]
  1896 | D:3      | Reached XP level 5. HP: 17/42 MP: 5/5
  2104 | D:3      | Paralysed by Grinder for 2 turns
  2110 | D:3      | Paralysed by Grinder for 7 turns
  2131 | D:3      | Paralysed by Grinder for 4 turns
  2134 | D:3      | Slain by Grinder

Action                   |  1- 3 |  4- 6 || total
-------------------------+-------+-------++-------
Melee: Unarmed           |   102 |    67 ||   169
  Use: Scroll            |     1 |     3 ||     4
       Potion            |       |     4 ||     4
 Stab: Sleeping          |     4 |       ||     4
  Eat: Chunk             |     2 |     2 ||     4
